 Dungeon Crawl Stone Soup version 0.29.1-12-g30fa7ad0bf (webtiles) character file.

Game seed: 8190705898382064286

5082 devnull the Fighter (level 10, -2/93 HPs)
             Began as a Ghoul Gladiator on Dec 29, 2022.
             Was a Believer of Makhleb.
             Slain by a troll (8 damage)
             ... on level 10 of the Dungeon.
             The game lasted 00:29:02 (9115 turns).

devnull the Fighter (Ghoul Gladiator)               Turns: 9115, Time: 00:29:02

Health: -2/93      AC:  8    Str: 27    XL:     10   Next: 57%
Magic:  11/11      EV: 11    Int:  5    God:    Makhleb [**....]
Gold:   62         SH:  5    Dex: 10    Spells: 9/9 levels left

rFire   . . .      SeeInvis .   b - +5 spear
rCold   + . .      Faith    .   l - +0 buckler
rNeg    + + +      Spirit   .   r - +0 ring mail "Keurch" {+Inv}
rPois   ∞          Reflect  .   c - +0 helmet
rElec   .          Harm     .   (no cloak)
rCorr   .          Rampage  .   x - +0 pair of gloves
Will    .....                   (no boots)
Stlth   ..........              i - amulet of regeneration
HPRegen 0.00/turn               w - +6 ring of strength
MPRegen 0.12/turn               (no ring)

@: inhibited regen
A: claws 1, cold resistance 1, negative energy resistance 3, inhibited
regeneration, torment resistance 2, devour on kill
a: Renounce Religion, Evoke Invisibility, Minor Destruction


You were on level 10 of the Dungeon.
You worshipped Makhleb.
Makhleb was pleased with you.
You visited 2 branches of the dungeon, and saw 11 of its levels.

You collected 523 gold pieces.
You spent 461 gold pieces at shops.

Inventory:

Hand Weapons
 a - a +0 war axe
 b - a +5 spear (weapon)
 f - a +3 antimagic scythe
 g - a +2 vorpal shortbow
 h - a +0 sling
Missiles
 d - 3 throwing nets
 e - 5 javelins
 o - 4 curare-tipped darts (quivered)
 F - 12 poisoned darts
Armour
 c - a +0 helmet (worn)
 l - a +0 buckler (worn)
 r - the +0 ring mail "Keurch" (worn) {+Inv}
   (You took it off a kobold on level 2 of the Dungeon)

   +Inv:      It lets you turn invisible.
 x - a +0 pair of gloves (worn)
Jewellery
 i - an amulet of regeneration (around neck)
 w - a +6 ring of strength (left hand)
Wands
 q - a wand of charming (13)
Scrolls
 n - 4 scrolls of magic mapping
 y - 2 scrolls of noise
 B - 5 scrolls of teleportation
 C - a scroll of fear
 H - a scroll of vulnerability
 I - 2 scrolls of enchant armour
 K - a scroll of enchant weapon
 L - a scroll of fog
 M - 2 scrolls of amnesia
Potions
 j - 9 potions of curing
 m - 2 potions of brilliance {unknown}
 p - a potion of lignification {unknown}
 s - 2 potions of mutation {unknown}
 t - 3 potions of might
 u - a potion of ambrosia {unknown}
 v - 2 potions of cancellation {unknown}
 z - a potion of attraction {unknown}
 A - 6 potions of flight {unknown}
 D - 3 potions of haste
 E - a potion of magic {unknown}
 G - a potion of degeneration {unknown}
 J - a potion of invisibility
 N - 2 potions of heal wounds


   Skills:
 + Level 10.1 Fighting
 - Level 6.5(6.6) Axes
 - Level 0.5(4.1) Polearms
 - Level 5.0 Throwing
 - Level 5.9 Armour
 - Level 2.6 Dodging
 - Level 5.0 Shields
 + Level 2.7 Invocations


You had 9 spell levels left.
You didn't know any spells.
Your spell library contained the following spells:

 Spells                   Type           Power      Damage    Failure   Level
 Static Discharge         Conj/Air       0%         3-3/arc   83%         2
 Confusing Touch          Hex            0%         N/A       96%         3
 Gell's Gravitas          Tloc           0%         N/A       96%         3
 Lesser Beckoning         Tloc           0%         N/A       96%         3
 Teleport Other           Tloc           0%         N/A       96%         3
 Animate Dead             Necr           0%         N/A       100%        4
 Alistair's Intoxication  Tmut/Pois      0%         N/A       100%        5
 Borgnjor's Vile Clutch   Necr/Erth      0%         N/A       100%        5
 Lightning Bolt           Conj/Air       0%         1d11      100%        5
 Yara's Violent Unravell  Hex/Tmut       0%         3d3       100%        5
 Death Channel            Necr           0%         N/A       100%        6
 Eringya's Noxious Bog    Tmut/Pois      0%         N/A       100%        6
 Enfeeble                 Hex            0%         N/A       100%        7
 Maxwell's Capacitive Co  Air            0%         ∞         100%        8


Dungeon Overview and Level Annotations

Branches:
Dungeon (10/15)            Temple (1/1) D:4            Lair (0/5) D:9
    Orc: D:9-12

Altars:
Ashenzari
Cheibriados
Dithmenos
Fedhas
Gozag
Hepliaklqana
Kikubaaqudgha
Makhleb
Nemelex Xobeh
Okawaru
Qazlal
Ru
Sif Muna
Trog
Uskayaw
Vehumet
Wu Jian
Xom
Yredelemnul

Shops:
D:8 !   D:9 *

Annotations:
D:4 1 runed translucent door, Tiocfaidh's ghost, amateur OpHW
D:9 5 runed translucent doors
D:10 3 runed translucent doors, Sanktem7's ghost, novice MiFi


Innate Abilities, Weirdness & Mutations

You are immune to poison.
You have sharp fingernails.
Your flesh is cold resistant. (rC+)
You are immune to negative energy. (rN+++)
You do not regenerate when monsters are visible.
You are immune to unholy pain and torment.
You thrive by killing the living.


Message History

Aim: a troll (severely wounded, 64% to hit)
You throw a poisoned dart.
The poisoned dart closely misses the troll.
The troll bites you. The troll claws you but does no damage.
The troll barely misses you.
Throw: 16 darts (poison)
Press: ? - help, Shift-Dir - straight line, f/p - troll
Aim: a troll (severely wounded, 64% to hit)
You throw a poisoned dart. The poisoned dart hits the troll!
The troll is poisoned.
The troll is severely wounded.
Throw: 15 darts (poison)
Press: ? - help, Shift-Dir - straight line, f/p - troll
Aim: a troll (severely wounded, very poisoned, 64% to hit)
You throw a poisoned dart. The poisoned dart hits the troll.
The troll looks even sicker.
The troll is severely wounded.
The troll closely misses you. The troll claws you but does no damage.
The troll barely misses you.
Throw: 14 darts (poison)
Press: ? - help, Shift-Dir - straight line, f/p - troll
Aim: a troll (severely wounded, very poisoned, 64% to hit)
You throw a poisoned dart. The poisoned dart hits the troll.
The troll looks as sick as possible!
The troll is severely wounded.
You block the troll's attack. The troll closely misses you.
The troll claws you but does no damage.
Throw: 13 darts (poison)
Press: ? - help, Shift-Dir - straight line, f/p - troll
Aim: a troll (severely wounded, extremely poisoned, 64% to hit)
You throw a poisoned dart. The poisoned dart hits the troll!
The troll looks as sick as possible!
The troll is severely wounded.
The troll bites you. You block the troll's attack. The troll claws you.
The troll attacks as you move away! The troll misses you.
The troll claws you! x2
* * * LOW HITPOINT WARNING * * *
The troll attacks as you move away! The troll bites you!
* * * LOW HITPOINT WARNING * * *
The troll claws you!
You die...

#.. #######.# ........#
......... ........#
##### (.......###...#
(.....(...#.#.#
.......##T#.#.#########
....... #@#.#.........#
....... #..............
....... #....#.###..#.#
....... #....#.# #..#.#
....... #....#.###..#.#
#######
#.#.........#.####
....##.####.#.#..#.##.#
#..#.# #.#.#<.#..#..
#...# #.#.##....+..


You could see a troll (extremely poisoned).

Vanquished Creatures
  Sigmund (D:3)
  2 wyverns
  9 yaks
  A steam dragon (D:6)
  Menkaure (D:5)
  A water moccasin (D:8)
  An orc warrior (D:9)
  5 black bears
  3 ice beasts
  2 centaurs (D:9)
  Blork the orc (D:5)
  2 kobold brigands
  4 bullfrogs
  A gnoll sergeant (D:8)
  8 scorpions
  A jelly (D:8)
  7 killer bees
  2 howler monkeys
  2 hounds
  5 orc priests
  Jessica (D:3)
  3 iguanas
  4 orc wizards
  Robin (D:2)
  4 gnolls (D:8)
  6 adders
  A shadow imp (D:7)
  3 white imps
  An ufetubus (D:4)
  2 dart slugs
  23 orcs
  11 endoplasms
  A giant cockroach (D:4)
  18 goblins
  10 hobgoblins
  7 jackals
  18 kobolds
  4 quokkas
  8 ball pythons
  2 bats
  A frilled lizard (D:1)
  3 rats
191 creatures vanquished.

Vanquished Creatures (others)
  A bush (D:4)
  11 plants (D:4)
  2 withered plants (D:4)
14 creatures vanquished.

Grand Total: 205 creatures vanquished

Notes
Turn   | Place    | Note
-------+----------+-------------------------------------------
     0 | D:1      | devnull the Ghoul Gladiator began the quest for the Orb.
     0 | D:1      | Reached XP level 1. HP: 17/17 MP: 0/0
   328 | D:1      | Reached XP level 2. HP: 23/25 MP: 1/1
   865 | D:1      | Reached skill level 1 in Armour
   884 | D:1      | Reached XP level 3. HP: 30/30 MP: 2/2
  1107 | D:2      | Noticed Robin
  1118 | D:2      | Killed Robin
  1119 | D:2      | Reached skill level 3 in Fighting
  1143 | D:2      | Reached XP level 4. HP: 16/38 MP: 3/3
  1178 | D:2      | Identified the +0 ring mail "Keurch" {+Inv}
  1892 | D:2      | Found a faded altar of an unknown god.
  2031 | D:3      | Noticed Sigmund
  2041 | D:3      | Killed Sigmund
  2042 | D:3      | Reached skill level 4 in Fighting
  2042 | D:3      | Reached XP level 5. HP: 28/46 MP: 0/4
  2042 | D:3      | Reached XP level 6. HP: 32/52 MP: 0/5
  2638 | D:3      | Noticed Jessica
  2646 | D:3      | Killed Jessica
  2815 | D:4      | Found a staircase to the Ecumenical Temple.
  2854 | Temple   | Entered the Ecumenical Temple
  2908 | Temple   | Became a worshipper of Makhleb the Destroyer
  3018 | D:4      | Noticed a black bear
  3031 | D:4      | Killed a black bear
  3032 | D:4      | Reached skill level 5 in Fighting
  3032 | D:4      | Reached XP level 7. HP: 47/61 MP: 6/6
  3235 | D:4      | Found a runed translucent door.
  3236 | D:4      | Noticed Tiocfaidh's ghost (amateur OpHW)
  3903 | D:4      | Found a blossoming altar of Fedhas.
  4168 | D:5      | Entered Level 5 of the Dungeon
  4168 | D:5      | Noticed a yak
  4168 | D:5      | Noticed a yak
  4168 | D:5      | Noticed a yak
  4168 | D:5      | Noticed a yak
  4432 | D:5      | Reached skill level 5 in Axes
  4646 | D:5      | Reached skill level 6 in Fighting
  4646 | D:5      | Reached XP level 8. HP: 66/70 MP: 7/7
  4719 | D:5      | Noticed Menkaure
  4727 | D:5      | Killed Menkaure
  4759 | D:5      | Reached skill level 5 in Armour
  4905 | D:4      | Killed a yak
  5082 | D:5      | Killed a yak
  5083 | D:5      | Reached skill level 7 in Fighting
  5099 | D:5      | Killed a yak
  5100 | D:5      | Reached XP level 9. HP: 73/79 MP: 8/8
  5105 | D:5      | Reached * piety under Makhleb
  5336 | D:6      | Noticed Blork the orc
  5353 | D:5      | Killed Blork the orc
  5393 | D:6      | Reached skill level 1 in Shields
  5413 | D:6      | Reached skill level 8 in Fighting
  6064 | D:7      | HP: 1/82 [killer bee (4)]
  6549 | D:7      | Reached ** piety under Makhleb
  6684 | D:7      | Found a sparkling altar of Nemelex Xobeh.
  6974 | D:8      | Reached skill level 9 in Fighting
  6983 | D:8      | Reached XP level 10. HP: 59/91 MP: 9/9
  7192 | D:8      | Reached skill level 5 in Throwing
  7303 | D:8      | Found Ecrumeyny's Distillery.
  7312 | D:8      | Bought a potion of might for 52 gold pieces
  7312 | D:8      | Bought a potion of curing for 39 gold pieces
  7312 | D:8      | Bought a potion of haste for 130 gold pieces
  7312 | D:8      | Bought a potion of might for 52 gold pieces
  7312 | D:8      | Bought a potion of invisibility for 104 gold pieces
  8064 | D:9      | Reached skill level 1 in Invocations
  8225 | D:9      | Reached skill level 5 in Shields
  8232 | D:9      | Reached skill level 10 in Fighting
  8264 | D:9      | Found the +9 staff of Olgreb {rPois∞}
  8272 | D:9      | Found a staircase to the Lair.
  8323 | D:9      | Reached *** piety under Makhleb
  8403 | D:9      | Found Obbur's General Store.
  8409 | D:9      | Bought a potion of heal wounds for 60 gold pieces
  8409 | D:9      | Bought a scroll of identify for 24 gold pieces
  8758 | D:9      | Found a runed translucent gate.
  8759 | D:9      | Found a runed translucent gate.
  8759 | D:9      | Found a runed translucent gate.
  8759 | D:9      | Noticed a wolf spider
  8761 | D:9      | Noticed a black mamba
  8761 | D:9      | Noticed a black mamba
  8761 | D:9      | Noticed a wolf spider
  8768 | D:9      | Found a runed translucent door.
  8897 | D:9      | Found a runed translucent door.
  9021 | D:10     | Entered Level 10 of the Dungeon
  9021 | D:10     | Noticed a spectral centaur warrior
  9021 | D:10     | Found a runed translucent gate.
  9021 | D:10     | Found a runed translucent gate.
  9021 | D:10     | Found a runed translucent gate.
  9023 | D:10     | Noticed a spectral centaur warrior
  9023 | D:10     | Noticed a spectral centaur warrior
  9032 | D:10     | Noticed a spectral wolf spider
  9032 | D:10     | Noticed Sanktem7's ghost (novice MiFi)
  9115 | D:10     | Slain by a troll

Illustrated notes

Levels and vault maps discovered:
D:1:      tarquinn_simple_flora_water_d, layout_loops_ring,
          minmay_misc_feat_doors, minmay_quantized
D:2:      layout_basic, dreamdust_ecumenical_altar_hidden_monk_grotto,
          uniq_robin
D:3:      layout_basic, minmay_checkerbox, uniq_jessica, uniq_sigmund
D:4:      layout_basic, fedhas_altar_decomposition,
          minmay_temple_entry_junction_2, gammafunk_ghost_grave,
          kennysheep_crisscross, minmay_misc_feat_diagonals,
          corexii_corridor_pit
D:5:      kennysheep_spiral_hall, layout_basic, uniq_menkaure
D:6:      layout_gridville, uniq_blork_the_orc
D:7:      layout_loops_cross, minitemple
D:8:      layout_loops_corners, serial_shops, nicolae_lakefront_shop,
          chequers_serial_rivers_large_a, minmay_statues_item, minivault_22,
          minmay_misc_feat_encased, minmay_starry_boxes
D:9:      layout_cross, lair_entry_dummy, serial_shops, shop_fountains,
          minmay_guarded_unrand_staff_of_olgreb
D:10:     layout_basic, erik_orc_1, gammafunk_ghost_necromancy,
          corexii_hall_statues_deadend
Temple:   hellmonk_temple_of_storms

Skill      XL: |  1  2  3  4  5  6  7  8  9 10 |
---------------+-------------------------------+-----
Axes           | 3 4 5 6 |  6.5
Armour         | 1 2 3 4 5 |  5.9
Fighting       | 3 4 5 6 7 9 10 | 10.1
Throwing       | 4 5 |  5.0
Shields        | 3 5 |  5.0
Invocations    | 2 |  2.7
Polearms       | |  0.5
Dodging        | |  2.6

Action                   |  1- 3 |  4- 6 |  7- 9 | 10-12 || total
-------------------------+-------+-------+-------+-------++-------
Melee: War axe           |    77 |     5 |       |       ||    82
       Spear             |       |   125 |   432 |   224 ||   781
 Fire: Sling             |       |       |       |     8 ||     8
Throw: Dart              |     1 |     1 |     8 |     6 ||    16
       Throwing net      |       |       |     2 |       ||     2
       Javelin           |       |       |     6 |       ||     6
Evoke: Wand              |       |       |     1 |       ||     1
  Use: Scroll            |       |     6 |     4 |     4 ||    14
Armor: Leather armour    |     6 |       |       |       ||     6
       Chain mail        |    31 |     4 |       |       ||    35
       Ring mail         |       |    35 |   146 |    56 ||   237
Dodge: Dodged            |    31 |    53 |   210 |   147 ||   441
Block: Buckler           |       |     4 |    71 |    40 ||   115
